 Dungeon Crawl Stone Soup version 0.29.1-1-gd02db69 (webtiles) character file.

Game seed: 11199512965770658044

42 Timinator the Ruffian (level 3, -4/28 HPs)
             Began as a Demigod Transmuter on Dec 19, 2022.
             Slain by a scorpion (7 damage)
             ... on level 4 of the Dungeon.
             The game lasted 00:04:27 (1456 turns).

Timinator the Ruffian (Demigod Transmuter)          Turns: 1456, Time: 00:04:27

Health: -4/28      AC:  3    Str: 15    XL:     3   Next: 17%
Magic:  8/8        EV: 12    Int: 15    God:
Gold:   33         SH:  0    Dex: 14    Spells: 5/6 levels left

rFire   . . .      SeeInvis .     - Unarmed
rCold   . . .      Faith    .   (no shield)
rNeg    . . .      Spirit   .   f - +0 leather armour
rPois   .          Reflect  .   (no helmet)
rElec   .          Harm     .   (no cloak)
rCorr   .          Rampage  .   (no gloves)
Will    .....                   (no boots)
Stlth   +.........              (no amulet)
HPRegen 0.09/turn               (no ring)
MPRegen 0.11/turn               (no ring)

@: no status effects
A: high MP 1, forlorn, divine attributes
a: no special abilities


You were on level 4 of the Dungeon.
You visited 1 branch of the dungeon, and saw 3 of its levels.

You collected 33 gold pieces.

Inventory:

Armour
 a - a +0 robe
 c - a +0 helmet
 f - a +0 leather armour (worn)
Scrolls
 d - a scroll of fog {unknown}
 e - a scroll of enchant armour {unknown}
 i - 2 scrolls of magic mapping {unknown}
Potions
 b - a potion of lignification
 g - a potion of curing {unknown}
 h - a potion of might {unknown}
 j - a potion of haste {unknown}


   Skills:
 * Level 1.1 Fighting
 * Level 0.4 Armour
 * Level 2.1 Dodging
 + Level 3.0 Unarmed Combat
 + Level 2.1 Spellcasting
 * Level 2.3 Transmutations


You had 5 spell levels left.
You knew the following spells:

 Your Spells              Type           Power      Damage    Failure   Level
a - Beastly Appendage     Tmut           16%        N/A       11%         1

Your spell library contained the following spells:

 Spells                   Type           Power      Damage    Failure   Level
 Wereblood                Tmut           8%         N/A       16%         2
 Spider Form              Tmut/Pois      5%         N/A       45%         3
 Ice Form                 Ice/Tmut       5%         N/A       86%         4


Dungeon Overview and Level Annotations

Branches:
Dungeon (2/15)


Innate Abilities, Weirdness & Mutations

You have an increased reservoir of magic. (+10% MP)
You shall have no god before yourself.
Your divine heritage dramatically boosts your attributes as you level up.


Message History

You fall into a shaft and drop 2 floors!
The shaft crumbles and collapses.
Found a stone staircase leading down. 3 orcs and an orc wizard come into view.
The orc shouts!
The orc wizard shouts!
The orc moves out of view.
A scorpion comes into view.
The orc shouts! x2
The orc wizard points at you and mumbles some strange words.
You resist with some effort. The orc hits you with a +0 club.
The orc attacks as you move away! The orc hits you with a +0 club.
The orc attacks as you move away! The orc misses you.
The orc wizard casts a spell at you. The puff of flame hits you.
The orc attacks as you move away! The orc closely misses you.
The orc wizard gestures wildly while chanting.
The orc wizard flickers and vanishes!
Deactivating autopickup; reactivate with Ctrl-A.
The orc attacks as you move away! The orc barely misses you.
The orc attacks as you move away! The orc barely misses you.
The orc hits you with a +0 club. The orc attacks as you move away!
The orc barely misses you. The orc attacks as you move away!
The orc completely misses you. The orc attacks as you move away!
The orc misses you. The scorpion attacks as you move away!
The scorpion completely misses you.
Found a runed wooden wand.
Found a whip.
The scorpion misses you. The scorpion attacks as you move away!
The scorpion closely misses you.
Found a stone staircase leading up.
A magic dart appears from out of thin air!
The magic dart hits you. The scorpion attacks as you move away!
The scorpion misses you. The scorpion stings you.
* * * LOW HITPOINT WARNING * * *
The scorpion attacks as you move away! The scorpion stings you.
* * * LOW HITPOINT WARNING * * *
There is a stone staircase leading up here.
The scorpion stings you!
You die...

#........
#.........
.......... #.
#####
..........
#..####...#
..........
#..#......#
#....o...#
##........@#
#.......#
#.........s#
#.....#
##.........o#
### ###..##
#...........#
#.#####..##
#...........#
##...##>.##
............#
#.......##
..........oo#
#......##
.../........#
##.....##
............#
#......#


You could see a scorpion and 3 orcs.

Vanquished Creatures
  A dart slug (D:1)
  2 bats (D:1)
  An endoplasm (D:2)
  3 giant cockroaches
  5 goblins
  4 hobgoblins
  5 jackals (D:1)
  A quokka (D:1)
  2 ball pythons (D:1)
  7 frilled lizards
  5 rats
36 creatures vanquished.

Notes
Turn   | Place    | Note
-------+----------+-------------------------------------------
     0 | D:1      | Timinator the Demigod Transmuter began the quest for the
                  | Orb.
     0 | D:1      | Reached XP level 1. HP: 15/15 MP: 5/5
    80 | D:1      | Reached skill level 1 in Fighting
   107 | D:1      | Reached XP level 2. HP: 17/23 MP: 7/7
  1114 | D:1      | Reached skill level 3 in Unarmed Combat
  1114 | D:1      | Reached XP level 3. HP: 28/28 MP: 6/8
  1416 | D:2      | You fall into a shaft and drop 2 floors!
  1426 | D:4      | Noticed a scorpion
  1456 | D:4      | Slain by a scorpion

Illustrated notes

Levels and vault maps discovered:
D:1:      dpeg_arrival_rooms_c, layout_loops_ring,
          hellmonk_ecumenical_altar_inner_sanctum
D:2:      layout_rooms, basic_altar, grunt_ministairs_1
D:4:      layout_cave_pods, abandoned_shop

Skill      XL: |  1  2 |
---------------+-------+-----
Fighting       | 1 |  1.1
Dodging        | 2 |  2.1
Spellcasting   | 2 |  2.1
Transmutations | 2 |  2.3
Unarmed Combat | 3 |  3.0
Armour         | |  0.4

Action                   || total
-------------------------++-------
Melee: Unarmed           ||    78
       Kick              ||    18
       Headbutt          ||     9
 Cast: Beastly Appendage ||    18
Armor: Robe              ||    13
       Leather armour    ||     1
Dodge: Dodged            ||    52
